 Dungeon Crawl Stone Soup version 0.16.1-7-g2c6721e (console) character file.

277222 Monkaria the Minotaur Blade (level 19, -5/177 HPs)
             Began as a Minotaur Skald on Mar 28, 2015.
             Was the Champion of Nemelex Xobeh.
             Slain by a balrug
             ... wielding a +0 demon whip of venom
             ... summoned by a deep elf demonologist
              (17 damage)
             ... on level 3 of the Elven Halls on Mar 29, 2015.
             The game lasted 03:30:46 (64497 turns).

Monkaria the Minotaur Blade (Minotaur Skald)       Turns: 64497, Time: 03:30:47

Health: -5/177     AC: 31    Str: 28    XL:     19   Next: 60%
Magic:  27/27      EV: 18    Int:  9    God:    Nemelex Xobeh [******]
Gold:   788        SH:  0    Dex: 13    Spells: 6 memorised, 0 levels left

rFire  . . .     SeeInvis .     K - +0 triple sword (venom)
rCold  . . .     Rnd*Rage +     z - +7 chain mail of Borphim {Stlth+}
rNeg   + . .     SustAb   .     (no shield)
rPois  +         Gourm    .     w - +2 hat {MR+}
rElec  .         Spirit   .     t - +2 cloak {MR+}
rCorr  .         Warding  +     C - +0 pair of gloves
rMut   .         Stasis   .     A - +0 pair of boots
MR     +++..                    k - amulet of Smuqotul {Ward rN+ Str+4}
Stlth  ..........               v - +5 ring of protection
                                r - +2 ring of slaying

@: drained, extremely resistant to hostile enchantments, extremely unstealthy
A: retaliatory headbutt, horns 2, agile 1, berserk 1, blink 1, breathe flames 1,
deformed body, poison resistance, spit poison 1, placid magic 1
a: Spit Poison, Blink, Triple Draw, Deal Four, Stack Five, Renounce Religion,
Breathe Fire
}: 2/15 runes: decaying, serpentine


You were on level 3 of the Elven Halls.
You worshipped Nemelex Xobeh.
Nemelex Xobeh was exalted by your worship.
You were not hungry.

You visited 7 branches of the dungeon, and saw 41 of its levels.
You also visited: Ice Cave and Wizlab.

You collected 5308 gold pieces.
You spent 4518 gold pieces at shops.

Inventory:

Hand weapons
 K - a +0 triple sword of venom (weapon)
Armour
 t - a +2 cloak of magic resistance (worn)
 w - a +2 hat of magic resistance (worn)
 z - the +7 chain mail of Borphim (worn) {Stlth+}
   (You found it on level 4 of the Dungeon)

   It makes you more stealthy.
 A - a +0 pair of boots (worn)
 C - a +0 pair of gloves (worn)
Rods
 u - a +0 lightning rod (11/11)
   (You found it on level 15 of the Dungeon)
Jewellery
 k - the amulet of Smuqotul (around neck) {Ward rN+ Str+4}
   (You found it on level 13 of the Dungeon)

   [amulet of warding]

   It may prevent the melee attacks of summoned creatures.
   It affects your strength (+4).
   It protects you from negative energy.
 r - a +2 ring of slaying (left hand)
 v - a +5 ring of protection (right hand)
 Q - an uncursed ring of see invisible
Magical devices
 i - a wand of teleportation (5)
 J - a wand of lightning (4)
 T - a wand of cold (9)
 U - a wand of invisibility (4)
 V - a wand of disintegration (10)
Scrolls
 b - a scroll of identify
 g - 11 scrolls of teleportation
 j - 3 scrolls of fog
 o - 11 scrolls of remove curse
 p - 6 scrolls of blinking
Potions
 e - 8 potions of haste
 f - 4 potions of might
 l - 3 potions of flight
 m - 3 potions of resistance
 n - 12 potions of curing
 E - 2 potions of agility
 H - 2 potions of lignification
 I - 2 potions of berserk rage
 L - a potion of heal wounds
 S - a potion of ambrosia
Miscellaneous
 a - an ornate deck of destruction
 c - an ornate deck of destruction
 q - an ornate deck of war {drawn: 5}
 s - an ornate deck of destruction
 y - an ornate deck of war
 B - a plain deck of summoning {drawn: 5}
 D - a legendary deck of escape {drawn: 1}
 F - an ornate deck of escape
 G - a legendary deck of destruction {drawn: 5}
 N - an ornate deck of destruction
 X - an ornate deck of war
 Y - an ornate deck of war
Comestibles
 d - 17 bread rations


   Skills:
 - Level 17.0(15.9) Fighting
 * Level 23.0(21.8) Long Blades
 - Level 18.1(17.0) Armour
 - Level 18.2(17.2) Dodging
   Level 3.0(2.3) Shields
 - Level 1.3(0.6) Spellcasting
 - Level 2.0(1.2) Charms
 - Level 10.0(9.1) Evocations


You couldn't memorise any spells.
You knew the following spells:

 Your Spells              Type           Power        Failure   Level  Hunger
a - Infusion              Chrm           #.....       71%         1    ##.....
b - Apportation           Tloc           #.........   89%         1    ##.....
c - Invisibility          Hex            #.......     100%        6    #######
d - Tukima's Dance        Hex            #.......     100%        3    ####...
e - Flight                Chrm/Air       #.........   99%         3    ####...
f - Haste                 Chrm           #.......     100%        6    #######


Dungeon Overview and Level Annotations

Branches:
Dungeon (15/15)            Temple (1/1) D:5            Lair (8/8) D:11
  Swamp (5/5) Lair:4        Snake (5/5) Lair:5        Slime (0/6) Lair:6
    Orc (4/4) D:11            Elf (3/3) Orc:4        Vaults (0/5) D:13
 Depths (0/5) D:15

Altars:
Ashenzari
Cheibriados
Dithmenos
Elyvilon
Fedhas
Gozag
Kikubaaqudgha
Makhleb
Nemelex Xobeh
Okawaru
Qazlal
Ru
Sif Muna
Trog
Vehumet
Xom
Yredelemnul
Zin
The Shining One
Beogh

Shops:
D:4 [   D:6 [   D:10 [   D:11 *   D:12 *?!((   D:15 *   Orc:1 [   Orc:4 :==*
Elf:1 !:([   Elf:3 (   Snake:5 :

Portals:
Hell: Lair:8
Trove: D:10 (give 19 potions of curing)


Innate Abilities, Weirdness & Mutations

You reflexively headbutt those who attack you in melee.
You have a pair of horns on your head.
You are agile. (Dex +2)
You tend to lose your temper in combat.
You can translocate small distances at will.
You can breathe flames.
Armour fits poorly on your strangely shaped body.
Your system is resistant to poisons.
You can spit poison.
Your spells are a little easier to cast, but a little less powerful.


Message History

The balrug hits you with a demon whip of venom!
* * * LOW HITPOINT WARNING * * *
You are engulfed in flames!
* * * LOW HITPOINT WARNING * * *
A big kobold and a deep elf sorcerer come into view.
Drink which item? (? for menu, Esc to quit)
You feel much better.
The deep elf sorcerer closely misses you.
The Hell Sentinel hits you but does no damage. x2
The deep elf demonologist barely misses you.
You furiously retaliate!
You headbutt the deep elf demonologist!!
The deep elf death mage points at you and mumbles some strange words.
The bolt of negative energy hits you! You partially resist.
You feel drained.
* * * LOW HITPOINT WARNING * * *
The balrug hits you with a demon whip of venom.
* * * LOW HITPOINT WARNING * * *
You are engulfed in flames!
You die...
Your body glows with a rainbow of weird colours and disappears.

. # .. #..
..##3##e.3.
....#h#..e...
....*......e..#
...**...ee...#
.....K3e.e...#
#...eeeee)# #*.ee@24#
####1#### #e# #.#
##### #.# ##...##
#.####### ##.....##
#.......#
#.......#######.....#
#.......'.....')....#


You could see a Hell Sentinel, a balrug, a deep elf master archer, 4 deep elf
annihilators, 2 deep elf death magi, 4 deep elf sorcerers, a sun demon, 2 deep
elf demonologists, 2 deep elf high priests, a rust devil, a ynoxinul, a big
kobold and 3 lost souls.

Vanquished Creatures
  Norris (Elf:2)
  Saint Roka (Swamp:5)
  A Cloud Mage (WizLab)
  Asterion (Snake:1)
  Kirke (Snake:4)
  2 thorn hunters
  6 greater nagas
  Donald (Snake:1)
  A deep elf sorcerer (Elf:1)
  2 orc warlords (Orc:4)
  2 deep elf demonologists (Elf:3)
  A dire elephant (Lair:8)
  The ghost of Pr0man the Warrior, a powerful GrFi of the Shining One (Lair:5)
  Snorg (Lair:7)
  A yaktaur captain (D:15)
  A deep elf high priest (Elf:3)
  2 deep elf death magi
  A minotaur (shapeshifter) (Elf:1)
  14 hydras
  9 anacondas
  7 ice dragons
  3 ghost crabs
  8 naga warriors
  2 centaur warriors
  12 dancing weapons (Elf:2)
  13 alligators
  6 orc high priests
  15 naga sharpshooters
  10 shock serpents
  Erolcha (Orc:1)
  2 salamander mystics
  13 deep elf knights
  An unseen horror (D:14)
  16 skeletal warriors
  5 naga ritualists
  A deep troll (Elf:2)
  3 deep elf summoners (Elf:1)
  2 ice statues (IceCv)
  7 swamp dragons
  4 orc knights
  2 shambling mangroves
  Pikel (D:6)
  6 hill giants
  3 wizards
  8 deep elf conjurers
  8 ugly things
  A shining eye (D:13)
  A necromancer (D:13)
  A wolf spider zombie (D:14)
  An oklob plant (Lair:5)
  6 cyclopes
  A water nymph (D:13)
  11 mana vipers
  3 hornets
  11 salamanders
  A manticore (D:14)
  7 orc sorcerers
  2 elephants
  A sixfirhy (Elf:2)
  44 black mambas
  3 centaur zombies
  Joseph (D:9)
  An octopode (shapeshifter) (D:13)
  17 spiny frogs
  The ghost of Monkaria the Carver, an experienced MiSk (D:5)
  4 guardian serpents
  A torpor snail (Snake:2)
  A centaur skeleton (D:14)
  2 gargoyles
  2 orange demons
  A rust devil (Orc:2)
  25 naga magi
  4 yaktaurs (D:15)
  6 fire drakes
  2 tengu conjurers
  A blue devil (Lair:8)
  10 deep elf priests
  An elf (D:12)
  A hellwing (Lair:8)
  9 komodo dragons
  A merfolk (Elf:2)
  8 trolls
  5 two-headed ogres
  2 red devils (Lair:8)
  6 wind drakes (WizLab)
  3 freezing wraiths (Swamp:5)
  5 giant leeches
  14 ravens
  41 slime creatures
  9 bog bodies
  7 baby alligators
  A centaur simulacrum (D:14)
  A wraith (D:12)
  A raiju (Elf:2)
  33 air elementals (WizLab)
  5 basilisks
  5 wyverns
  19 blink frogs
  A trapdoor spider (Snake:5)
  6 spriggans
  2 shadows (D:14)
  43 yaks
  12 hippogriffs
  15 humans (D:13)
  19 deep elf magi
  A tarantella (Snake:5)
  A hog (shapeshifter) (D:15)
  A hog (Snake:4)
  24 vampire mosquitoes
  16 wolves
  21 deep elf fighters
  23 wargs
  6 swamp worm simulacra (Swamp:5)
  13 hydra simulacra (Swamp:5)
  Edmund (D:7)
  28 insubstantial wisps
  A mottled dragon (D:13)
  52 nagas
  21 swamp worms
  A black bear (Lair:2)
  65 orc warriors
  8 porcupines
  43 water moccasins
  A soldier ant (Snake:5)
  24 ice beasts
  2 hell hounds
  21 ogres
  3 phantoms
  6 wasps
  A slave (D:6)
  8 sky beasts
  14 swamp drakes
  A deep dwarf (Snake:2)
  2 necrophages
  2 eyes of draining
  15 crocodiles
  15 centaurs
  Duvessa (D:8)
  3 boring beetles
  A gnoll sergeant (D:10)
  Blork the orc (D:5)
  A wyvern zombie (D:7)
  20 giant frogs
  5 scorpions
  12 wights
  The ghost of Monkaria the Slasher, a weakling MiSk of Nemelex Xobeh (D:3)
  3 quasits
  An electric eel (Lair:7)
  Dowan (D:8)
  8 crimson imps
  2 goliath beetles
  2 giant frog zombies
  3 human zombies (D:13)
  41 orc priests
  4 jellies
  32 orc wizards
  A hell rat (Elf:2)
  14 hounds
  Natasha (thrice) (D:4)
  11 iguanas
  10 worker ants
  A killer bee zombie (D:11)
  52 sheep
  Ijyb (D:3)
  30 adders
  13 gnolls
  2 worker ant zombies
  68 river rats
  A shadow imp (D:15)
  6 giant mites
  3 worms
  2 swamp drake simulacra (Swamp:5)
  An adder zombie (D:7)
  2 oozes
  310 orcs
  13 giant cockroaches
  31 goblins
  26 hobgoblins
  10 jackals
  18 kobolds
  16 quokkas
  22 bats
  8 giant geckos
  2 giant gecko skeletons
  2 giant newts
  2 giant spores
  A jackal skeleton (D:8)
  6 orc zombies
  A quokka skeleton (D:8)
  13 rats
  6 ballistomycetes
  A briar patch (Swamp:4)
  A plant (Swamp:5)
1950 creatures vanquished.

Vanquished Creatures (collateral kills)
  Nikola (Elf:2)
  Rupert (Lair:3)
  2 greater nagas (Snake:5)
  A deep elf sorcerer (Elf:1)
  Gastronok (Lair:2)
  An emperor scorpion (Swamp:1)
  A dire elephant (Elf:2)
  A hell beast (Lair:8)
  3 naga warriors
  A hydra (D:11)
  Erica (Lair:3)
  2 anacondas
  2 orc high priests
  A dancing weapon (Elf:2)
  An unseen horror (D:13)
  A skeletal warrior (D:11)
  2 naga ritualists
  An orc knight (Orc:4)
  2 mana vipers (Snake:5)
  2 deep elf conjurers
  A wolf spider (Lair:7)
  2 spiny frogs (Lair:7)
  2 salamanders (Snake:4)
  A black mamba (Snake:5)
  A torpor snail (Lair:8)
  2 orange demons (Lair:8)
  A deep elf priest (Elf:1)
  3 blue devils (Lair:8)
  A freezing wraith (Swamp:5)
  A raiju (Lair:7)
  3 slime creatures
  3 blink frogs (Lair:3)
  2 deep elf magi (Elf:1)
  3 deep elf fighters (Elf:1)
  2 vampire mosquitoes
  A swamp worm (Swamp:5)
  A neqoxec (Orc:3)
  4 insubstantial wisps (Lair:4)
  6 nagas
  A water moccasin (Snake:5)
  2 wasps
  8 orc warriors
  2 ogres (Orc:4)
  A centaur (D:11)
  A giant frog (Lair:7)
  2 hounds
  An orc priest (Orc:4)
  An iguana (Lair:2)
  2 orc wizards
  A river rat (Lair:3)
  An adder (Lair:4)
  An ufetubus (Orc:3)
  An ooze (D:14)
  17 orcs
  3 goblins (Orc:4)
  A jackal (Orc:4)
114 creatures vanquished.

Vanquished Creatures (others)
  A hydra (Swamp:5)
  A rakshasa (Elf:2)
  A centaur warrior (Snake:5)
  A tengu warrior (D:15)
  A skeletal warrior (D:15)
  A flayed ghost (D:15)
  2 ugly things
  A smoke demon (Orc:4)
  A rust devil (Snake:4)
  A spiny frog (Swamp:3)
  An orange demon (Lair:4)
  5 yaktaurs
  A deep elf priest (Elf:2)
  6 ravens
  A giant leech (Swamp:5)
  A baby alligator (Swamp:5)
  6 slime creatures
  3 blink frogs (Swamp:5)
  A water elemental (Orc:3)
  8 air elementals
  3 humans (Snake:4)
  A neqoxec (Lair:8)
  A deep elf fighter (Elf:1)
  2 dancing weapons
  A swamp worm (Swamp:5)
  10 vampire mosquitoes
  3 hell hounds
  A water moccasin (Swamp:5)
  A swamp drake (Swamp:3)
  3 wasps (Orc:3)
  2 lost souls
  A crimson imp (D:14)
  An orc priest (D:9)
  3 orc wizards (Orc:4)
  A sheep (Orc:4)
  An adder (D:6)
  12 orcs
  A bat (Orc:4)
  A giant spore (D:11)
  A jackal (D:6)
  A ballistomycete (D:15)
  8 briar patches (Swamp:3)
  5 fungi
  5 plants
113 creatures vanquished.

Grand Total: 2177 creatures vanquished

Notes
Turn   | Place    | Note
--------------------------------------------------------------
     0 | D:1      | Monkaria, the Minotaur Skald, began the quest for the Orb.
     0 | D:1      | Reached XP level 1. HP: 18/18 MP: 2/2
   272 | D:1      | Reached skill level 3 in Fighting
   295 | D:1      | Reached XP level 2. HP: 12/26 MP: 2/2
   518 | D:1      | Reached skill level 4 in Fighting
   738 | D:2      | Reached XP level 3. HP: 33/33 MP: 3/3
  1523 | D:2      | Found a shattered altar of Ashenzari.
  1530 | D:2      | Reached XP level 4. HP: 31/40 MP: 4/4
  1977 | D:3      | Noticed Ijyb
  1992 | D:3      | Noticed Monkaria's ghost (weakling MiSk)
  1995 | D:3      | Killed Ijyb
  1995 | D:3      | Reached skill level 5 in Long Blades
  2192 | D:3      | Reached XP level 5. HP: 35/46 MP: 4/4
  2428 | D:3      | Killed Monkaria's ghost
  2663 | D:3      | Reached XP level 6. HP: 52/52 MP: 5/5
  3110 | D:4      | Found a bloodstained altar of Trog.
  3125 | D:4      | Reached skill level 5 in Armour
  3466 | D:4      | Reached skill level 6 in Armour
  3779 | D:4      | Got a fine hand axe
  3816 | D:4      | Reached skill level 7 in Armour
  3816 | D:4      | Reached XP level 7. HP: 19/59 MP: 6/6
  4010 | D:4      | Found Ysut's Antique Armour Emporium.
  4125 | D:4      | Got a brightly glowing chain mail
  4136 | D:4      | Identified the +7 chain mail of Borphim {Stlth+} (You found it on level 4 of the Dungeon)
  4186 | D:4      | Noticed Natasha
  4197 | D:4      | Killed Natasha
  4401 | D:4      | Noticed Natasha
  4408 | D:4      | Killed Natasha
  4615 | D:5      | Entered Level 5 of the Dungeon
  4813 | D:5      | Found a staircase to the Ecumenical Temple.
  4957 | Temple   | Entered the Ecumenical Temple
  5172 | Temple   | Became a worshipper of Nemelex Xobeh the Trickster
  5307 | D:5      | Received a gift from Nemelex Xobeh
  5462 | D:5      | Noticed Monkaria's ghost (experienced MiSk)
  5471 | D:5      | Noticed Blork the orc
  5605 | D:5      | Killed Blork the orc
  5641 | D:5      | Killed Monkaria's ghost
  5641 | D:5      | Reached skill level 8 in Long Blades
  5641 | D:5      | Reached XP level 8. HP: 19/66 MP: 6/6
  6007 | D:5      | Reached skill level 9 in Long Blades
  6202 | D:6      | Found a sacrificial altar of Ru.
  6247 | D:6      | Found an opulent altar of Gozag.
  6430 | D:6      | Noticed Pikel
  6453 | D:6      | Killed Pikel
  6453 | D:6      | Reached skill level 11 in Long Blades
  6561 | D:6      | Found Ynaffuv's Antique Armour Shop.
  6675 | D:6      | Reached XP level 9. HP: 66/71 MP: 7/7
  6856 | D:6      | Found a stormy altar of Qazlal.
  7020 | D:6      | Found a radiant altar of Vehumet.
  7268 | D:7      | Noticed Edmund
  7287 | D:7      | Killed Edmund
  7287 | D:7      | Reached skill level 12 in Long Blades
  8082 | D:8      | Noticed Duvessa
  8082 | D:8      | Noticed Dowan
  8090 | D:8      | Killed Duvessa
  8111 | D:8      | Killed Dowan
  8393 | D:8      | Received a gift from Nemelex Xobeh
  8409 | D:8      | Found an iron altar of Okawaru.
  8618 | D:8      | Got a heavily runed chain mail
  8630 | D:8      | Identified the +4 chain mail "Synkow" {Contam +Blink Int+2} (You found it on level 8 of the Dungeon)
  8662 | D:8      | Reached skill level 10 in Armour
  8666 | D:8      | Gained mutation: You are resistant to hostile enchantments. [mutagenic meat]
  8667 | D:8      | Gained mutation: You evolve. [mutagenic meat]
  8669 | D:8      | Gained mutation: You can spit poison. [potion of mutation]
  8669 | D:8      | Lost mutation: You are resistant to hostile enchantments. [potion of mutation]
  8669 | D:8      | Gained mutation: You are partially covered in slimy green scales (AC +2). [potion of mutation]
  8835 | D:8      | Gained mutation: You can translocate small distances at will. [mutagenic meat]
  8836 | D:8      | Gained mutation: You can spit moderately strong poison. [mutagenic meat]
  8999 | D:8      | Found an ancient bone altar of Kikubaaqudgha.
  9002 | D:8      | Found a glowing golden altar of the Shining One.
  9005 | D:8      | Found a shadowy altar of Dithmenos.
  9022 | D:8      | Gained mutation: You can breathe flames. [evolution]
  9296 | D:8      | Reached XP level 10. HP: 75/79 MP: 7/7
  9579 | D:9      | You fall through a shaft for 2 floors!
  9581 | D:11     | Noticed an orc knight
  9587 | D:11     | Found a shimmering altar of Xom.
  9591 | D:11     | Received a gift from Nemelex Xobeh
  9619 | D:11     | Found Akhi's Demolitions Depot.
  9637 | D:11     | Reached skill level 5 in Dodging
  9898 | D:11     | Found a staircase to the Lair.
 10111 | D:11     | Noticed an orc knight
 10137 | D:11     | Killed an orc knight
 10267 | D:11     | Received a gift from Nemelex Xobeh
 10272 | D:11     | Found a roughly hewn altar of Beogh.
 10281 | D:11     | Noticed a five-headed hydra
 10339 | D:11     | Found a staircase to the Orcish Mines.
 10525 | D:10     | Entered Level 10 of the Dungeon
 10525 | D:10     | Acquired Nemelex Xobeh's first power
 10601 | D:10     | Reached skill level 5 in Fighting
 10872 | D:10     | Noticed a hill giant
 10880 | D:10     | Killed a hill giant
 10880 | D:10     | Reached XP level 11. HP: 49/92 MP: 8/8
 10895 | D:10     | Found Lareosm's Armour Shoppe.
 10940 | D:10     | Gained mutation: You have sharp toenails. [mutagenic meat]
 11042 | D:10     | Received a gift from Nemelex Xobeh
 11124 | D:10     | Found a portal to a secret trove of treasure.
 11591 | D:9      | Found a burning altar of Makhleb.
 11727 | D:9      | Noticed Joseph
 11733 | D:9      | Received a gift from Nemelex Xobeh
 11738 | D:9      | Killed Joseph
 11923 | D:9      | Found a glowing golden altar of the Shining One.
 11960 | D:9      | Acquired Nemelex Xobeh's second power
 12029 | D:9      | Noticed an orc knight
 12050 | D:9      | Killed an orc knight
 12463 | D:9      | Noticed an orc sorcerer
 12495 | D:9      | Killed an orc sorcerer
 13495 | D:11     | Killed a five-headed hydra
 13495 | D:11     | Reached skill level 13 in Armour
 13523 | Lair:1   | Entered Level 1 of the Lair of Beasts
 13822 | Lair:1   | Received a gift from Nemelex Xobeh
 13978 | Lair:1   | Received a gift from Nemelex Xobeh
 14501 | Lair:1   | Reached skill level 14 in Armour
 15022 | Lair:2   | Reached XP level 12. HP: 81/104 MP: 9/9
 15053 | Lair:2   | Received a gift from Nemelex Xobeh
 15523 | Lair:2   | Noticed Gastronok
 15548 | Lair:2   | Killed Gastronok
 15611 | Lair:2   | Noticed a seven-headed hydra
 15927 | Lair:1   | Lost mutation: You can spit moderately strong poison. [evolution]
 15967 | Lair:2   | Killed a seven-headed hydra
 16201 | Lair:3   | Got a warped chain mail
 16460 | Lair:3   | Acquired Nemelex Xobeh's third power
 16467 | Lair:3   | Received a gift from Nemelex Xobeh
 16507 | Lair:3   | Reached skill level 15 in Long Blades
 16515 | Lair:3   | Noticed Rupert
 16528 | Lair:3   | Killed Rupert
 16601 | Lair:3   | Noticed Erica
 16613 | Lair:3   | Killed Erica
 17183 | Lair:4   | Found a staircase to the Swamp.
 17183 | Lair:4   | Received a gift from Nemelex Xobeh
 17214 | Lair:4   | Reached skill level 16 in Long Blades
 17693 | Lair:4   | Reached XP level 13. HP: 96/111 MP: 9/9
 17780 | Lair:4   | Reached skill level 17 in Long Blades
 17853 | Lair:4   | Found a dark tunnel.
 17984 | Lair:5   | Noticed Pr0man's ghost (powerful GrFi)
 18742 | Lair:5   | Received a gift from Nemelex Xobeh
 18825 | Lair:5   | Found a staircase to the Snake Pit.
 18998 | Lair:5   | Reached skill level 15 in Armour
 19180 | Lair:5   | Received a gift from Nemelex Xobeh
 19339 | Lair:5   | Killed Pr0man's ghost
 19528 | Lair:5   | Reached skill level 10 in Fighting
 19960 | Lair:6   | Received a gift from Nemelex Xobeh
 20242 | Lair:6   | Found a staircase to the Slime Pits.
 20483 | Lair:7   | Received a gift from Nemelex Xobeh
 20902 | Lair:7   | Noticed Snorg
 20916 | Lair:7   | Killed Snorg
 21053 | Lair:7   | Received a gift from Nemelex Xobeh
 21179 | Lair:7   | Identified the -3 chain mail "Twofrufa" {+Blink rPois rN+ Int-4} (You found it on level 3 of the Lair of Beasts)
 22034 | Lair:8   | Entered Level 8 of the Lair of Beasts
 22040 | Lair:8   | Received a gift from Nemelex Xobeh
 22306 | Lair:8   | Received a gift from Nemelex Xobeh
 22535 | Lair:8   | Noticed a dire elephant
 22549 | Lair:8   | Killed a dire elephant
 22578 | Lair:8   | Lost mutation: You have sharp toenails. [evolution]
 22874 | Lair:8   | Found a burning altar of Makhleb.
 22900 | Lair:8   | Reached XP level 14. HP: 128/130 MP: 10/10
 22933 | Lair:8   | Found a gateway to Hell.
 23444 | Orc:1    | Entered Level 1 of the Orcish Mines
 23532 | Orc:1    | Found a roughly hewn altar of Beogh.
 23620 | Orc:1    | Reached skill level 1 in Evocations
 23674 | Orc:1    | Received a gift from Nemelex Xobeh
 23743 | Orc:1    | Found Miaguk's Antique Armour Boutique.
 23763 | Orc:1    | Noticed Erolcha
 23782 | Orc:1    | Killed Erolcha
 23813 | Orc:1    | Bought a glowing cloak for 99 gold pieces
 23813 | Orc:1    | Bought a glowing cloak for 99 gold pieces
 24217 | Orc:2    | Found a roughly hewn altar of Beogh.
 24471 | Orc:3    | Received a gift from Nemelex Xobeh
 24485 | Orc:3    | Lost mutation: You can breathe flames. [a neqoxec]
 24771 | Orc:3    | Received a gift from Nemelex Xobeh
 25195 | Orc:4    | Entered Level 4 of the Orcish Mines
 25589 | Orc:4    | Received a gift from Nemelex Xobeh
 25693 | Orc:4    | Reached skill level 5 in Evocations
 25714 | Orc:4    | Found a roughly hewn altar of Beogh.
 25755 | Orc:4    | Found Balaodd's Jewellery Boutique.
 25760 | Orc:4    | Bought an uncursed ring of poison resistance for 260 gold pieces
 25766 | Orc:4    | Found Yskaw's General Store.
 25785 | Orc:4    | Bought a potion of berserk rage for 65 gold pieces
 26046 | Orc:4    | Got a crude battleaxe
 26434 | Orc:4    | Found a staircase to the Elven Halls.
 26657 | Orc:4    | Noticed an orc warlord
 26967 | Orc:4    | Killed an orc warlord
 27394 | Orc:4    | Noticed an orc warlord
 27405 | Orc:4    | Killed an orc warlord
 27492 | Orc:4    | Lost mutation: You evolve. [end of evolution]
 27775 | Orc:4    | Found Cliac's Book Shop.
 27815 | Orc:4    | Found a roughly hewn altar of Beogh.
 27878 | Orc:4    | Found Yhiemoax's Jewellery Boutique.
 28160 | Lair:1   | Identified the +6 battleaxe of Ghi Deute {chop, MR+ MP+9} (You found it on level 4 of the Orcish Mines)
 29037 | D:12     | Killed an orc knight
 29037 | D:12     | Reached skill level 10 in Evocations
 29058 | D:12     | Received a gift from Nemelex Xobeh
 29268 | D:12     | Found Qowned's Magic Scroll Emporium.
 29273 | D:12     | Bought a scroll of brand weapon for 280 gold pieces
 29273 | D:12     | Bought a scroll of identify for 28 gold pieces
 29283 | D:12     | Found Xosefon's Distillery.
 29291 | D:12     | Bought a potion of curing for 30 gold pieces
 29291 | D:12     | Bought a potion of heal wounds for 50 gold pieces
 29291 | D:12     | Bought a potion of invisibility for 80 gold pieces
 29291 | D:12     | Bought a potion of heal wounds for 50 gold pieces
 29291 | D:12     | Bought a potion of heal wounds for 50 gold pieces
 29291 | D:12     | Bought a potion of curing for 30 gold pieces
 29291 | D:12     | Bought a potion of ambrosia for 80 gold pieces
 29291 | D:12     | Bought a potion of mutation for 25 gold pieces
 29291 | D:12     | Bought a potion of cancellation for 80 gold pieces
 29291 | D:12     | Bought a potion of berserk rage for 50 gold pieces
 29374 | D:12     | Found Piveoj's Weapon Shop.
 29604 | D:12     | Lost mutation: You are partially covered in slimy green scales (AC +2). [mutagenic meat]
 29605 | D:12     | Gained mutation: Your body is slowly deteriorating. [mutagenic meat]
 29609 | D:12     | Received a gift from Nemelex Xobeh
 29641 | D:12     | Reached XP level 15. HP: 65/138 MP: 25/25
 29931 | D:12     | Found Plasoirgh's Assorted Antiques.
 29944 | D:12     | Bought a scroll labeled RIEL LYMMOSOJ for 42 gold pieces
 29944 | D:12     | Bought a bone wand for 168 gold pieces
 29944 | D:12     | Bought a potion of heal wounds for 210 gold pieces
 29947 | D:12     | Gained mutation: You can spit moderately strong poison. [potion of mutation]
 29947 | D:12     | Gained mutation: You have a beak for a mouth. [potion of mutation]
 29947 | D:12     | Lost mutation: You can spit moderately strong poison. [potion of mutation]
 30054 | D:12     | Found Prowac's Antique Weapon Shoppe.
 30219 | Lair:1   | Gained mutation: Armour fits poorly on your strangely shaped body. [potion of mutation]
 30219 | Lair:1   | Gained mutation: Your system is resistant to poisons. [potion of mutation]
 30311 | D:12     | Bought a scroll of identify for 28 gold pieces
 30514 | D:13     | Found a gate to the Vaults.
 30570 | D:13     | Found a glowing silver altar of Zin.
 30681 | D:13     | Found a frozen archway.
 30802 | IceCv    | Entered an ice cave
 31083 | IceCv    | Received a gift from Nemelex Xobeh
 31379 | IceCv    | Got a flickering iron ring
 31391 | IceCv    | Identified the ring of Susutado {rPois MR+} (You found it in an ice cave)
 31685 | D:13     | Received a gift from Nemelex Xobeh
 31870 | D:13     | Got a steaming tin amulet
 32099 | D:13     | Received a gift from Nemelex Xobeh
 32717 | D:12     | Bought a scroll of enchant weapon for 105 gold pieces
 32717 | D:12     | Bought a scroll of fog for 28 gold pieces
 32717 | D:12     | Bought a scroll of enchant weapon for 105 gold pieces
 32717 | D:12     | Bought a scroll of identify for 28 gold pieces
 32717 | D:12     | Bought a scroll of teleportation for 42 gold pieces
 32717 | D:12     | Bought a scroll of remove curse for 42 gold pieces
 32717 | D:12     | Identified the amulet of Smuqotul {Ward rN+ Str+4} (You found it on level 13 of the Dungeon)
 33310 | D:14     | Received a gift from Nemelex Xobeh
 33364 | D:14     | Reached skill level 18 in Armour
 33623 | D:14     | Found a blossoming altar of Fedhas.
 33921 | D:14     | Received a gift from Nemelex Xobeh
 34374 | D:15     | Entered Level 15 of the Dungeon
 34411 | D:15     | Reached skill level 10 in Dodging
 34480 | D:15     | Received a gift from Nemelex Xobeh
 35359 | D:14     | Lost mutation: Your body is slowly deteriorating. [mutagenic meat]
 35866 | D:15     | Gained mutation: Your spells are a little easier to cast, but a little less powerful. [potion of mutation]
 35866 | D:15     | Lost mutation: You have a beak for a mouth. [potion of mutation]
 35866 | D:15     | Gained mutation: You tend to lose your temper in combat. [potion of mutation]
 35923 | D:15     | Found Guvim's Pet Rocks.
 36356 | D:15     | Reached XP level 16. HP: 94/146 MP: 25/25
 36625 | D:15     | Received a gift from Nemelex Xobeh
 36676 | D:15     | Found a staircase to the Depths.
 37114 | Swamp:1  | Entered Level 1 of the Swamp
 37382 | Swamp:1  | Noticed Aizul
 37395 | Swamp:1  | Noticed Aizul
 37395 | Swamp:1  | Aizul changed into Aizul the emperor scorpion
 37398 | Swamp:1  | Killed Aizul the emperor scorpion
 38295 | Swamp:2  | Received a gift from Nemelex Xobeh
 40205 | Swamp:3  | Reached skill level 15 in Dodging
 40487 | Swamp:3  | Received a gift from Nemelex Xobeh
 42090 | Swamp:4  | Learned a level 1 spell: Apportation
 42097 | Swamp:4  | Learned a level 6 spell: Invisibility
 42101 | Swamp:4  | Learned a level 3 spell: Tukima's Dance
 42718 | Swamp:5  | Entered Level 5 of the Swamp
 42818 | Swamp:5  | Noticed Saint Roka
 42848 | Swamp:5  | Killed Saint Roka
 42853 | Swamp:5  | Reached XP level 17. HP: 87/152 MP: 26/26
 45017 | D:4      | Bought a distressingly furry pearl dragon armour for 2070 gold pieces
 45027 | D:4      | Identified the cursed -12 pearl dragon armour of Offaorur {+Blink rF++ rN+ Str-2} (You bought it in a shop on level 4 of the Dungeon)
 45073 | D:4      | Noticed Natasha
 45078 | D:4      | Killed Natasha
 45643 | Swamp:5  | Received a gift from Nemelex Xobeh
 47080 | Swamp:5  | Got a decaying rune of Zot
 47395 | Snake:1  | Entered Level 1 of the Snake Pit
 47411 | Snake:1  | Received a gift from Nemelex Xobeh
 47438 | Snake:1  | Noticed Asterion
 47809 | Snake:1  | Killed Asterion
 48050 | Snake:1  | Received a gift from Nemelex Xobeh
 48071 | Snake:1  | You fall through a shaft!
 48180 | Snake:2  | Received a gift from Nemelex Xobeh
 49261 | Snake:1  | Reached skill level 15 in Fighting
 49276 | Snake:1  | Received a gift from Nemelex Xobeh
 49478 | Snake:1  | Noticed Donald
 49496 | Snake:1  | Killed Donald
 49687 | Snake:1  | Reached skill level 1 in Shields
 49748 | Snake:1  | You fall through a shaft!
 50510 | Snake:2  | Received a gift from Nemelex Xobeh
 52517 | Swamp:5  | Gained mutation: You can breathe flames. [potion of beneficial mutation]
 52732 | Lair:1   | Upgraded the game from 0.16.1-5-gaa23807 to 0.16.1-7-g2c6721e
 53248 | Snake:3  | Reached XP level 18. HP: 130/169 MP: 27/27
 53326 | Snake:3  | Received a gift from Nemelex Xobeh
 53991 | Snake:3  | Received a gift from Nemelex Xobeh
 54894 | Snake:4  | Received a gift from Nemelex Xobeh
 55598 | Snake:4  | Noticed Kirke
 55616 | Snake:4  | Killed Kirke
 55669 | Snake:4  | Received a gift from Nemelex Xobeh
 56398 | Snake:5  | Entered Level 5 of the Snake Pit
 56446 | Snake:5  | Received a gift from Nemelex Xobeh
 56478 | Snake:5  | Reached skill level 19 in Long Blades
 57141 | Snake:5  | Received a gift from Nemelex Xobeh
 57465 | Snake:5  | Reached skill level 20 in Long Blades
 57943 | Snake:5  | Got a serpentine rune of Zot
 58503 | Snake:5  | Found Ahecs' Book Shoppe.
 59163 | Elf:1    | Entered Level 1 of the Elven Halls
 59163 | Elf:1    | Received a gift from Nemelex Xobeh
 59285 | Elf:1    | Found Kapoby's Distillery.
 59285 | Elf:1    | Found Grauzud's Book Boutique.
 59289 | Elf:1    | Bought 2 potions of heal wounds for 140 gold pieces
 59289 | Elf:1    | Bought a potion of flight for 42 gold pieces
 59289 | Elf:1    | Bought a potion of curing for 42 gold pieces
 59289 | Elf:1    | Bought a potion of restore abilities for 70 gold pieces
 59478 | Elf:1    | Reached skill level 21 in Long Blades
 59536 | Elf:1    | Reached XP level 19. HP: 83/177 MP: 27/27
 59905 | Elf:1    | Found Psetad's Armour Boutique.
 59906 | Elf:1    | Received a gift from Nemelex Xobeh
 59937 | Elf:1    | Identified Breuchyc's Papyrus of Fiery Attacks (You found it on level 1 of the Elven Halls)
 59949 | Elf:1    | Found Ynkiby's Antique Weapon Shoppe.
 60000 | Elf:1    | Gained mutation: You are agile. (Dex +2) [mutagenic meat]
 60444 | Elf:2    | Received a gift from Nemelex Xobeh
 61121 | Elf:2    | Noticed Norris
 61142 | Elf:2    | Killed Norris
 61362 | Elf:2    | Found a huge runed gate.
 61363 | Elf:2    | Found a huge runed gate.
 61363 | Elf:2    | Found a huge runed gate.
 61364 | Elf:2    | Found a huge runed gate.
 61364 | Elf:2    | Found a huge runed gate.
 61528 | Elf:2    | Received a gift from Nemelex Xobeh
 62228 | Elf:2    | Reached skill level 22 in Long Blades
 62580 | Elf:2    | Noticed Nikola
 62614 | Elf:2    | Killed Nikola
 63052 | Elf:3    | Entered Level 3 of the Elven Halls
 63078 | Elf:3    | Found a magical portal.
 63102 | WizLab   | Entered The Chambers of Chemmip the Cloud Mage
 63393 | WizLab   | Received a gift from Nemelex Xobeh
 63630 | WizLab   | Identified Juagul's Papyrus of Lightness
 63679 | WizLab   | Identified Gupiep's Grimoire of Harmful Air (You found it in a wizard's laboratory)
 64051 | Lair:1   | Learned a level 3 spell: Flight
 64058 | Lair:1   | Learned a level 6 spell: Haste
 64419 | Elf:3    | Received a gift from Nemelex Xobeh
 64432 | Elf:3    | Found Ekhit Ipli's Weapon Shoppe.
 64483 | Elf:3    | Reached skill level 23 in Long Blades
 64493 | Elf:3    | HP: 8/177 [Hell Sentinel/iron shot[a deep elf demonologist] (26)]
 64493 | Elf:3    | HP: 1/177 [deep elf death mage/bolt of negative energy (7)]
 64497 | Elf:3    | Slain by a balrug

Action                   |  1- 3 |  4- 6 |  7- 9 | 10-12 | 13-15 | 16-18 | 19-21 || total
-------------------------+-------+-------+-------+-------+-------+-------+-------++-------
Melee: Falchion          |   121 |   234 |   199 |       |       |       |       ||   554
       Long sword        |       |       |   277 |    46 |       |       |       ||   323
       Demon blade       |       |       |       |  1033 |  1264 |       |       ||  2297
       Morningstar       |       |       |       |    19 |       |       |       ||    19
       Scimitar          |       |       |       |       |   820 |  1360 |       ||  2180
       Great mace        |       |       |       |       |    18 |       |       ||    18
       Great sword       |       |       |       |       |       |   628 |   265 ||   893
       Triple sword      |       |       |       |       |       |       |   167 ||   167
 Fire: Blowgun           |       |       |       |       |       |     5 |       ||     5
Invok: Deal Four         |       |       |       |       |     2 |     3 |       ||     5
       Stack Five        |       |       |       |       |     1 |     1 |       ||     2
Evoke: Deck              |       |       |     5 |    49 |   113 |    72 |    22 ||   261
       Wand              |       |       |     6 |     2 |     6 |     1 |       ||    15
       Rod               |       |       |       |       |     2 |       |       ||     2
  Use: Scroll            |     3 |       |    10 |    14 |    15 |     9 |     4 ||    55
       Potion            |     3 |       |     5 |     2 |     9 |    10 |     6 ||    35
 Stab: Distracted        |       |       |     1 |       |     7 |     5 |       ||    13
       Paralysed         |       |       |     1 |       |       |       |       ||     1
       Confused          |       |       |     1 |     1 |       |       |       ||     2
  Eat: Chunk             |     2 |     8 |    21 |    27 |    50 |    68 |    19 ||   195
       Beef jerky        |       |       |     1 |       |       |     4 |       ||     5
       Royal jelly       |       |       |       |     1 |       |     1 |       ||     2
       Bread ration      |       |       |       |       |     1 |     2 |     1 ||     4
       Meat ration       |       |       |       |       |     2 |     1 |       ||     3
       Fruit             |       |       |       |       |     1 |       |       ||     1
       Pizza             |       |       |       |       |       |     1 |       ||     1
